 Dungeon Crawl Stone Soup version 0.30-a0-365-ge7f957f1db (webtiles) character file.

Game seed: 14595509405256517998

6303 Jackthecabe the Skirmisher (level 10, -4/94 HPs)
             Began as a Demonspawn Hedge Wizard on Nov 17, 2022.
             Was a Priest of Dithmenos.
             Slain by a wyvern (8 damage)
             ... on level 10 of the Dungeon.
             The game lasted 00:21:11 (9558 turns).

Jackthecabe the Skirmisher (DsHW)                   Turns: 9558, Time: 00:21:12

Health: -4/94      AC: 25    Str:  9 (10) XL:     10   Next: 63%
Magic:  12/14      EV:  2    Int: 16 (19) God:    Dithmenos [***...]
Gold:   510        SH:  0    Dex: 17 (20) Spells: 2/15 levels left

rFire   . . .      SeeInvis .    s - +0 arbalest
rCold   . . .      Faith    .    (shield currently unavailable)
rNeg    . . .      Spirit   .    (body armour currently unavailable)
rPois   +          Reflect  .    (helmet currently unavailable)
rElec   .          Harm     .    (cloak currently unavailable)
rCorr   .          Rampage  .    (gloves currently unavailable)
Will    .....      NoTele   +    (boots currently unavailable)
Stlth   +++.......               (no amulet)
HPRegen 0.35/turn                D - +6 ring of dexterity
MPRegen 0.14/turn                E - +4 ring of evasion

@: brilliant, tree-form (expiring), wreathed by umbra, studying Long Blades
A: stationary, stasis, torment immunity, boosted hp, (antennae 2), (thin
metallic scales 2), ignite blood 2
a: Renounce Religion, Shadow Step


You were on level 10 of the Dungeon.
You worshipped Dithmenos.
Dithmenos was most pleased with you.
You were a tree.
You visited 2 branches of the dungeon, and saw 11 of its levels.

You collected 510 gold pieces.


Innate Abilities, Weirdness & Mutations

You are a tree.
Your roots penetrate the ground, keeping you stationary.
You cannot be teleported.
You are immune to unholy pain and torment.
Your maximum health is greatly increased.
Your equipment is partially melded.
((You have a pair of antennae on your head.))
((You are mostly covered in thin metallic scales. (AC +3)))
Your demonic aura often causes spilled blood to erupt in flames.


   Skills:
 + Level 13.3 Ranged Weapons
 - Level 1.7 Dodging
 - Level 1.7 Stealth
 - Level 3.0 Spellcasting
 - Level 4.0 Conjurations
 - Level 3.0 Summonings
 - Level 0.8 Translocations
 - Level 4.0 Air Magic


You had 2 spell levels left.
You knew the following spells:

 Your Spells              Type           Power      Damage    Failure   Level
b - Borgnjor's Vile Clut  Necr/Erth      1%         N/A       99%         5
c - Call Imp              Summ           18%        N/A       9%          2
d - Mephitic Cloud        Conj/Pois/Air  16%        N/A       19%         3
m - Magic Dart            Conj           88%        1d7       3%          1
B - Blink                 Tloc           14%        N/A       21%         2

Your spell library contained the following spells:

 Spells                   Type           Power      Damage    Failure   Level
 Momentum Strike          Conj/Tloc      30%        3d8       11%         2
 Cigotuvi's Dreadful Rot  Necr/Pois/Air  18%        N/A       17%         2
 Slow                     Hex            12%        N/A       19%         1
 Lesser Beckoning         Tloc           14%        N/A       36%         3
 Confusing Touch          Hex            3%         N/A       50%         3
 Vampiric Draining        Necr           3%         2d6       50%         3
 Olgreb's Toxic Radiance  Pois           3%         N/A       88%         4
 Alistair's Intoxication  Tmut/Pois      2%         N/A       99%         5
 Eringya's Noxious Bog    Tmut/Pois      1%         N/A       100%        6
 Ozocubu's Refrigeration  Ice            1%         4d7       100%        7
 Ignition                 Fire           1%         3d3       100%        8

Inventory:

Hand Weapons
 s - a +0 arbalest (weapon)
Armour
 b - a +0 robe
 c - a +0 hat (melded)
 k - a +0 pair of gloves (melded)
 n - +0 steam dragon scales (melded)
 H - a +2 pair of boots (melded)
 J - a +0 cloak (melded)
 K - a +0 troll leather armour
Magical Staves
 g - a staff of death {!a}
Jewellery
 D - a +6 ring of dexterity (left branch)
 E - a +4 ring of evasion (right branch)
 P - a ring of poison resistance
Wands
 v - a wand of acid (9)
Scrolls
 e - 3 scrolls of teleportation {unknown}
 i - 2 scrolls of fear {unknown}
 j - 5 scrolls of identify {unknown}
 q - a scroll of magic mapping {unknown}
 r - a scroll of enchant weapon {unknown}
 t - 3 scrolls of fog {unknown}
 x - a scroll of summoning {unknown}
 y - a scroll of poison {unknown}
 z - 2 scrolls of noise {unknown}
 A - a scroll of amnesia {unknown}
 B - a scroll of brand weapon {unknown}
 F - 3 scrolls of immolation {unknown}
Potions
 a - a potion of cancellation {unknown}
 d - 3 potions of magic
 f - 2 potions of brilliance
 h - 2 potions of might {unknown}
 l - 2 potions of curing {unknown}
 m - 2 potions of lignification {unknown}
 o - a potion of invisibility {unknown}
 p - a potion of ambrosia {unknown}
 u - 2 potions of degeneration
 w - a potion of flight {unknown}
 C - a potion of heal wounds {unknown}
 G - a potion of mutation {unknown}
 I - a potion of attraction {unknown}

Dungeon Overview and Level Annotations

Branches:
Dungeon (10/15)            Temple (1/1) D:4
   Lair: D:8-11         Orc: D:9-12

Altars:
Ashenzari
Cheibriados
Dithmenos
Fedhas
Gozag
Hepliaklqana
Kikubaaqudgha
Makhleb
Nemelex Xobeh
Okawaru
Qazlal
Sif Muna
Trog
Uskayaw
Vehumet
Wu Jian
Xom
Yredelemnul

Shops:
D:6 *   D:10 :

Annotations:
D:5 2 transporters, freelancePsychic's ghost, novice BaBr
D:8 exclusion: downstairs

.............#.
.............#
.......ll.....
..............
#.#.. #....
##...†#
......Y###
.P....†♣.#
......ll.#
.P.P......#
............
P........##..
....P...## ###
P........
......Y..P!♣...##
..PPP♣P.P....P.


You could see a yak, a basilisk and a wyvern.


Message History

* * * LOW HITPOINT WARNING * * *
The yak gores you but does no damage. The basilisk gazes at you.
You resist with some effort.
Your transformation is almost over.
The wyvern barely misses you. The yak gores you.
* * * LOW HITPOINT WARNING * * *
The basilisk bites you.
* * * LOW HITPOINT WARNING * * *
The wyvern bites you.
* * * LOW HITPOINT WARNING * * *
The wyvern bites you.
* * * LOW HITPOINT WARNING * * *
The yak gores you but does no damage.
The basilisk bites you but does no damage.
You turn to wood and can move again.
Unknown command.
It was a potion of brilliance.
You feel clever all of a sudden. The wyvern bites you.
* * * LOW HITPOINT WARNING * * *
The basilisk gazes at you. You resist with some effort.
The yak gores you but does no damage. The wyvern bites you!
* * * LOW HITPOINT WARNING * * *
It was a potion of degeneration.
There was something very wrong with that liquid.
You feel weakened.
You feel dopey.
You feel clumsy. The wyvern bites you!
You die...

Skill      XL: |  1  2  3  4  5  6  7  8  9 10 |
---------------+-------------------------------+-----
Summonings     | 2 3 |  3.0
Conjurations   | 2 3 4 |  4.0
Air Magic      | 2 4 |  4.0
Ranged Weapons | 2 5 8 11 13 | 13.3
Dodging        | |  1.7
Stealth        | |  1.7
Spellcasting   | |  3.0
Translocations | |  0.8

Action                   |  1- 3 |  4- 6 |  7- 9 | 10-12 || total
-------------------------+-------+-------+-------+-------++-------
Melee: Dagger            |    46 |    23 |       |       ||    69
       Punch             |       |     2 |       |       ||     2
 Fire: Arbalest          |       |   122 |   231 |    64 ||   417
 Cast: Magic Dart        |    78 |    49 |       |       ||   127
       Call Imp          |     4 |     2 |       |       ||     6
       Mephitic Cloud    |       |       |    10 |     3 ||    13
  Use: Potion            |       |       |       |     2 ||     2
 Stab: Sleeping          |       |     2 |       |       ||     2
Armor: Robe              |    24 |    18 |    28 |     1 ||    71
       Skin              |       |       |       |    39 ||    39
       Steam dragon scal |       |       |       |     2 ||     2
Dodge: Dodged            |    86 |    63 |    83 |    18 ||   250

Levels and vault maps discovered:
D:1:      mushboom_english_gardens, layout_basic, serial_shops,
          nicolae_shop_crystal, shapermc_ecumenical_altar_mp_highgroup,
          serial_bayou, serial_bayou_shore_b, serial_bayou_crossing,
          serial_bayou_lagoon_a, serial_bayou_ford_a,
          corexii_item_surrounded_by_moat, hex_tiny, minmay_pentomino_z2
D:2:      layout_basic
D:3:      minmay_octagon_keep, layout_loops_ring, trog_butcher_becter,
          kennysheep_generic_room_16
D:4:      layout_loops_ring, grunt_temple_overflow_order_and_chaos_2,
          mainiacjoe_overflow_alcove_4, nicolae_wu_jian_wuxing_cycle,
          minmay_temple_entry_butterflies
D:5:      layout_rooms, amcnicky_altar_gilded, gammafunk_ghost_mausoleum
D:6:      layout_rooms, nicolae_qazlal_style_of_elements, slow_altar_1,
          general_overflow_altar, mainiacjoe_overflow_small_starburst,
          gammafunk_temple_overflow_wave, serial_shops, nicolae_shop_stone,
          hangedman_feature_mirror
D:7:      layout_basic, enter_bailey_2
D:8:      layout_gridville
D:9:      layout_grid_maze, lemuel_round_altar
D:10:     layout_cave_pools, lemuel_coloured_pillars_altar, tso_oasis_becter,
          nicolae_ru_path_of_blood, minmay_lair_entry_grove, serial_shops,
          nicolae_shop_temple_entry_statues_fountains,
          hellmonk_guarded_unrand_staff_of_battle, uniq_psyche
Temple:   nicolae_temple_superstar

Notes
Turn   | Place    | Note
-------+----------+-------------------------------------------
     0 | D:1      | Jackthecabe the Demonspawn Hedge Wizard began the quest for
                  | the Orb.
     0 | D:1      | Reached XP level 1. HP: 13/13 MP: 4/4
    66 | D:1      | You fall into a shaft and drop 1 floor!
   202 | D:2      | Reached skill level 2 in Summonings
   205 | D:2      | Gained mutation: You are partially covered in thin metallic
                  | scales. (AC +2) [demonic ancestry]
   205 | D:2      | Reached XP level 2. HP: 19/19 MP: 0/6
   847 | D:1      | Reached skill level 3 in Summonings
   850 | D:1      | Learned a level 2 spell: Call Imp
  1023 | D:1      | Gained mutation: You have a pair of small antennae on your
                  | head. [demonic ancestry]
  1023 | D:1      | Reached XP level 3. HP: 24/24 MP: 2/7
  1124 | D:1      | Found a faded altar of an unknown god.
  1631 | D:2      | Reached skill level 2 in Conjurations
  1869 | D:2      | Gained mutation: Your demonic aura sometimes causes spilled
                  | blood to erupt in flames. [demonic ancestry]
  1869 | D:2      | Reached XP level 4. HP: 28/30 MP: 5/8
  2040 | D:3      | Reached skill level 3 in Conjurations
  2458 | D:3      | Gained mutation: Your demonic aura often causes spilled
                  | blood to erupt in flames. [demonic ancestry]
  2458 | D:3      | Reached XP level 5. HP: 35/35 MP: 3/9
  2512 | D:3      | Reached skill level 4 in Conjurations
  2516 | D:3      | Learned a level 3 spell: Mephitic Cloud
  2786 | D:3      | Reached skill level 1 in Air Magic
  2853 | D:3      | Found a bloodstained altar of Trog.
  3239 | D:4      | Found a staircase to the Ecumenical Temple.
  3251 | Temple   | Entered the Ecumenical Temple
  3406 | Temple   | Became a worshipper of Dithmenos the Shadowed
  3519 | D:4      | Reached skill level 2 in Air Magic
  3660 | D:4      | Found an ornate altar of the Wu Jian Council.
  3758 | D:4      | Reached XP level 6. HP: 41/41 MP: 10/10
  3786 | D:4      | Found a burning altar of Makhleb.
  3787 | D:4      | Noticed a green death
  3787 | D:4      | Noticed an angel
  3908 | D:4      | Found a hazy altar of Hepliaklqana.
  3923 | D:4      | Reached skill level 3 in Air Magic
  4189 | D:5      | Entered Level 5 of the Dungeon
  4189 | D:5      | Found an iron altar of Okawaru.
  4259 | D:5      | Found a transporter.
  4262 | D:5      | Found a transporter.
  4263 | D:5      | Noticed freelancePsychic's ghost (novice BaBr)
  4305 | D:5      | Reached skill level 4 in Air Magic
  4320 | D:5      | Reached * piety under Dithmenos
  4321 | D:5      | Reached skill level 1 in Ranged Weapons
  4467 | D:5      | Reached skill level 2 in Ranged Weapons
  4541 | D:5      | Reached XP level 7. HP: 40/46 MP: 11/11
  4614 | D:5      | Identified the +5 leather armour "Sus Micax" {rC- rN+
                  | Int+5}
  4852 | D:6      | Reached skill level 3 in Ranged Weapons
  4853 | D:6      | Reached skill level 4 in Ranged Weapons
  4892 | D:6      | Learned a level 2 spell: Blink
  4908 | D:6      | Reached skill level 5 in Ranged Weapons
  5052 | D:6      | Found a stormy altar of Qazlal.
  5058 | D:6      | Gained mutation: You have a pair of antennae on your head.
                  | [demonic ancestry]
  5058 | D:6      | Reached XP level 8. HP: 52/52 MP: 12/12
  5134 | D:6      | Found a stormy altar of Qazlal.
  5137 | D:6      | Noticed an air elemental
  5162 | D:6      | Reached skill level 6 in Ranged Weapons
  5184 | D:6      | Found an ancient bone altar of Kikubaaqudgha.
  5276 | D:6      | Found Intiken's Assorted Antiques.
  5315 | D:6      | Found a blossoming altar of Fedhas.
  5315 | D:6      | Found a sparkling altar of Nemelex Xobeh.
  5410 | D:6      | Reached skill level 7 in Ranged Weapons
  5501 | D:6      | Found a snail-covered altar of Cheibriados.
  5552 | D:6      | Found a basalt altar of Yredelemnul.
  5781 | D:7      | Reached skill level 8 in Ranged Weapons
  5949 | D:7      | Reached ** piety under Dithmenos
  6322 | D:7      | Gained mutation: You are mostly covered in thin metallic
                  | scales. (AC +3) [demonic ancestry]
  6322 | D:7      | Reached XP level 9. HP: 57/57 MP: 13/13
  6392 | D:7      | Reached skill level 9 in Ranged Weapons
  7103 | D:8      | Reached skill level 10 in Ranged Weapons
  7108 | D:8      | Noticed a two-headed ogre
  7334 | D:8      | Identified a +0 robe of the Archmagi
  7665 | D:8      | Reached skill level 11 in Ranged Weapons
  8087 | D:9      | Noticed a troll
  8182 | D:9      | Reached XP level 10. HP: 63/63 MP: 14/14
  8334 | D:9      | Learned a level 5 spell: Borgnjor's Vile Clutch
  8361 | D:9      | Reached *** piety under Dithmenos
  8370 | D:9      | Reached skill level 12 in Ranged Weapons
  8522 | D:9      | Found a broken altar of Ashenzari.
  9241 | D:10     | Entered Level 10 of the Dungeon
  9273 | D:10     | Noticed a centaur warrior
  9273 | D:10     | Found Ron Tyzegg's Book Emporium.
  9405 | D:10     | Noticed Psyche
  9528 | D:10     | Reached skill level 13 in Ranged Weapons
  9538 | D:10     | Killed Psyche
  9557 | D:10     | HP: 4/94 [wyvern (8)]
  9558 | D:10     | Slain by a wyvern

Vanquished Creatures
  Psyche (D:10)
  A troll (D:9)
  10 yaks
  2 basilisks (D:10)
  2 steam dragons
  A wyvern (D:9)
  4 water moccasins
  An acid dragon (D:8)
  4 orc warriors
  4 ice beasts (D:6)
  2 black bears
  2 sky beasts (D:8)
  2 centaurs
  A phantom (D:7)
  A kobold brigand (D:7)
  3 bullfrogs
  A gnoll sergeant (D:8)
  A scorpion (D:5)
  5 wights (D:8)
  3 howler monkeys (D:8)
  3 hounds
  5 orc priests
  An iron imp (D:6)
  3 jellies
  4 iguanas
  10 orc wizards
  7 gnolls
  8 adders
  A shadow imp (D:6)
  3 white imps
  An ufetubus (D:5)
  A worm (D:3)
  4 dart slugs
  41 orcs
  4 endoplasms
  4 giant cockroaches
  6 goblins
  8 hobgoblins
  2 jackals (D:3)
  10 kobolds
  7 quokkas
  8 ball pythons
  8 bats
  7 frilled lizards
  8 rats
215 creatures vanquished.

Vanquished Creatures (collateral kills)
  3 adders (D:2)
  3 worms
  A ball python (D:2)
  An endoplasm (D:2)
  A rat (D:2)
9 creatures vanquished.

Vanquished Creatures (others)
  A scorpion (D:10)
  2 fungi (D:10)
  8 plants
11 creatures vanquished.

Grand Total: 235 creatures vanquished

Table legend: (Time is in decaauts)
 A = Elapsed time spent in this place.
 B = Non-inter-level travel time spent in this place.
 C = Inter-level travel time spent in this place.
 D = Time resting spent in this place.
 E = Time spent auto-exploring this place.
 F = Levels seen in this place.
 G = Mean time per level.
                   A        B        C        D        E       F      G
               +--------+--------+--------+--------+--------+-----+--------+
         Total |   9812 |   9272 |    540 |    575 |   6686 |  11 |  892.0 |
       Dungeon |   9589 |   9137 |    452 |    575 |   6580 |  10 |  958.9 |
        Temple |    222 |    134 |     88 |      0 |    106 |   1 |  222.0 |
               +--------+--------+--------+--------+--------+-----+--------+

Top non-repeatable levels by time:
     D:9: 1368 daAuts
     D:8: 1272 daAuts
     D:7: 1258 daAuts
     D:3: 1249 daAuts
     D:2: 1048 daAuts
     D:1: 981 daAuts
     D:6: 799 daAuts
     D:4: 771 daAuts
     D:5: 751 daAuts
  Temple: 222 daAuts
    D:10: 90 daAuts

Table legend:
 A = Non-vault XP
 B = Vault XP
 C = Vault XP percentage of total XP
 D = Non-vault monster count
 E = Vault monster count
 F = Vault count percentage of total count
                 A         B        C        D         E       F
            +---------+---------+-------+---------+---------+-------
      Total |    7248 |    1757 |  19.5 |     199 |      26 |  11.6
            +---------+---------+-------+---------+---------+-------
        D:1 |      33 |       0 |   0.0 |      19 |       0 |   0.0
        D:2 |      75 |       0 |   0.0 |      20 |       0 |   0.0
        D:3 |     132 |      24 |  15.4 |      24 |      14 |  36.8
        D:4 |     229 |       0 |   0.0 |      19 |       0 |   0.0
        D:5 |     431 |       0 |   0.0 |      24 |       0 |   0.0
        D:6 |     977 |     178 |  15.4 |      18 |       3 |  14.3
        D:7 |    1228 |       0 |   0.0 |      24 |       0 |   0.0
        D:8 |    1793 |       0 |   0.0 |      33 |       0 |   0.0
        D:9 |    2350 |     187 |   7.4 |      18 |       1 |   5.3
       D:10 |       0 |    1368 | 100.0 |       0 |       8 | 100.0
            +---------+---------+-------+---------+---------+-------
